 Dungeon Crawl Stone Soup version 0.17.1-1-g73c8601 (webtiles) character file.

189 Mysteryquy the Ruffian (level 5, -2/53 HPs)
             Began as a Troll Monk on Jan 6, 2016.
             Slain by a killer bee (10 damage)
             ... on level 3 of the Dungeon.
             The game lasted 00:02:51 (1569 turns).

Mysteryquy the Ruffian (Troll Monk)                 Turns: 1569, Time: 00:02:52

Health: -2/53      AC:  5    Str: 20    XL:     5   Next: 40%
Magic:  4/4        EV: 11    Int:  6    God:
Gold:   44         SH:  0    Dex: 12    Spells: 0 memorised, 4 levels left

rFire  . . .     SeeInvis .       - Unarmed
rCold  . . .     Clarity  .     a - +0 robe
rNeg   . . .     SustAt   .     (no shield)
rPois  .         Gourm    +     (helmet restricted)
rElec  .         Spirit   .     (no cloak)
rCorr  .         Warding  .     (gloves unavailable)
rMut   .         Stasis   .     (boots unavailable)
MR     .....                    (no amulet)
Stlth  +.........               (no ring)
                                (no ring)

@: lethally poisoned (-2 -> -4), not resistant to hostile enchantments, very
unstealthy
A: unfitting armour, claws 3, fast metabolism 3, gourmand, regeneration 2,
shaggy fur 1, tough skin 2
a: no special abilities


You were on level 3 of the Dungeon.
You were full.

You visited 1 branch of the dungeon, and saw 3 of its levels.

You collected 44 gold pieces.

Inventory:

Armour
 a - a +0 robe (worn)
Jewellery
 k - an uncursed amulet of resist corrosion {unknown}
Wands
 f - a wand of random effects (8)
Scrolls
 e - a scroll of teleportation {unknown}
 g - 3 scrolls of remove curse {unknown}
 j - a scroll of magic mapping {unknown}
 l - a scroll of identify {unknown}
Potions
 c - a potion of mutation {unknown}
 d - 2 potions of curing {unknown}
 h - 2 potions of poison {unknown}
 m - a potion of haste {unknown}
Comestibles
 b - 3 bread rations
 i - a beef jerky


   Skills:
 + Level 3.2 Fighting
 + Level 3.3 Dodging
 - Level 1.1 Stealth
 + Level 5.6 Unarmed Combat


You had 4 spell levels left.
You didn't know any spells.

Dungeon Overview and Level Annotations

Branches:
Dungeon (3/15)

Altars:
Elyvilon

Annotations:
D:3 Mysteryquy's ghost, amateur TrMo


Innate Abilities, Weirdness & Mutations

You are too large for most types of armour.
You have claws for hands.
Your metabolism is lightning-fast.
You like to eat raw meat.
You heal very quickly.
You are covered in fur (AC +1).
You have very tough skin (AC +2).


Message History

The killer bee stings you but does no damage.
The killer bee closely misses you. The kobold hits you.
Found a scroll labeled SEXTYF SIWISI.
You feel sick. The killer bee barely misses you. The killer bee stings you.
You are more poisoned.
The killer bee poisons you! The killer bee barely misses you.
You feel sick. The killer bee barely misses you. The killer bee stings you!
* * * LOW HITPOINT WARNING * * *
The killer bee stings you but does no damage.
You feel sick. The killer bee barely misses you.
The killer bee barely misses you.
You feel sick.
The killer bee stings you but does no damage.
The killer bee barely misses you.
You feel sick.
The killer bee stings you but does no damage.
Mysteryquy's ghost wails.
The killer bee stings you but does no damage.
You feel sick. The killer bee stings you!
You die...

#.# #.# ### #.# #.. .
#.# #.. ... #####
#####.# ##..
....##...####.....# #...
..#.....y.s##.....###.#.
.......@yy....W<........
........yy.........##.##
......##.KK.........#...
............#...........
###...?.....#...........
........##.#...........
..####........#....$....
.. #........#.........
#.K.......


You could see 5 killer bees, Mysteryquy's ghost, a giant cockroach and 2
kobolds.

Vanquished Creatures
  Sigmund (D:2)
  A ball python (D:2)
  2 giant cockroaches
  5 goblins
  2 hobgoblins
  4 jackals (D:2)
  3 kobolds
  A quokka (D:2)
  9 bats
  A giant newt (D:1)
  A rat (D:1)
30 creatures vanquished.

Notes
Turn   | Place    | Note
--------------------------------------------------------------
     0 | D:1      | Mysteryquy the Troll Monk began the quest for the Orb.
     0 | D:1      | Reached XP level 1. HP: 22/22 MP: 0/0
   442 | D:1      | You fall through a shaft!
   463 | D:2      | Noticed Sigmund
   481 | D:2      | Killed Sigmund
   481 | D:2      | Reached skill level 5 in Unarmed Combat
   481 | D:2      | Reached XP level 2. HP: 24/31 MP: 1/1
   481 | D:2      | Reached XP level 3. HP: 28/37 MP: 2/2
   481 | D:2      | Reached XP level 4. HP: 34/45 MP: 3/3
   481 | D:2      | Reached XP level 5. HP: 40/53 MP: 4/4
  1029 | D:2      | Found a white marble altar of Elyvilon.
  1552 | D:3      | Noticed Mysteryquy's ghost (amateur TrMo)
  1569 | D:3      | Slain by a killer bee

Action                   |  1- 3 |  4- 6 || total
-------------------------+-------+-------++-------
Melee: Unarmed           |    25 |    40 ||    65
 Stab: Sleeping          |     3 |     2 ||     5
  Eat: Chunk             |       |    12 ||    12
       Bread ration      |       |     1 ||     1
